 Dungeon Crawl Stone Soup version 0.31-a0-431-g88bdf31460 (webtiles) character file.

Game seed: 926164819840979661

312 garrulousMonolith the Changeling (level 6, -3/41 HPs)
             Began as an Octopode Shapeshifter on July 31, 2023.
             Slain by a gnoll
             ... wielding a +0 halberd
              (17 damage)
             ... on level 3 of the Dungeon on Aug 1, 2023.
             The game lasted 00:03:38 (2372 turns).

garrulousMonolith the Changeling (OpSh)             Turns: 2372, Time: 00:03:39

Health: -3/41      AC:  1    Str: 14    XL:     6   Next: 42%
Magic:  6/6        EV: 14    Int: 11    God:
Gold:   98         SH:  0    Dex: 14    Spells: 5/5 levels left

rFire   . .          .
                       - Unarmed
rCold   . . .        (no shield)
rNeg    . . .        (helmet currently unavailable)
rPois   .            (no amulet)
rElec   .            (no ring)
rCorr   .            (no ring)
SInv    .            (no ring)
Will    .....        (no ring)
Stlth   +++          (no ring)
HPRegen 0.26/turn    (no ring)
MPRegen 0.10/turn    (no ring)
                     (no ring)

%: no passive effects
@: beast-form
A: beast (slay +3), almost no armour, amphibious, 8 rings, camouflage 1,
gelatinous body 1, (nimble swimmer 1), tentacles
a: Begin Untransformation


You were on level 3 of the Dungeon.
You were a hulking beast.
You visited 1 branch of the dungeon, and saw 3 of its levels.

You collected 134 gold pieces.
You spent 36 gold pieces at shops.

Inventory:

Missiles
 d - 3 poisoned darts
 g - 5 javelins
Jewellery
 p - a ring of protection from fire
 r - a ring of magical power
Talismans
 b - a beast talisman (active)
Scrolls
 c - 2 scrolls of enchant weapon
 f - a scroll of poison {unknown}
 h - a scroll of fear {unknown}
 j - 4 scrolls of teleportation
 k - 3 scrolls of identify {unknown}
 l - a scroll of revelation {unknown}
 m - a scroll of amnesia {unknown}
 n - a scroll of acquirement {unknown}
Potions
 a - a potion of lignification
 e - 3 potions of curing {unknown}
 i - a potion of attraction {unknown}
 o - a potion of degeneration {unknown}
 q - a potion of heal wounds {unknown}


   Skills:
 + Level 2.5 Fighting
 + Level 3.1 Dodging
 + Level 3.2 Stealth
 + Level 3.9 Unarmed Combat
 * Level 4.3 Shapeshifting


You had 5 spell levels left.
You didn't know any spells.
Your spell library contained the following spells:

 Spells                   Type           Power      Damage    Failure   Level
 Apportation              Tloc           0%         N/A       34%         1
 Ensorcelled Hibernation  Hex/Ice        0%         N/A       47%         2
 Passwall                 Tmut/Erth      0%         N/A       47%         2
 Swiftness                Air            0%         N/A       71%         3
 Animate Dead             Necr           0%         N/A       98%         4
 Alistair's Intoxication  Tmut/Pois      0%         N/A       100%        5
 Haunt                    Necr/Summ      0%         N/A       100%        7
 Infestation              Necr           0%         N/A       100%        8


Dungeon Overview and Level Annotations

Branches:
Dungeon (3/15)

Altars:

Shops:
D:1 [???


Innate Abilities, Weirdness & Mutations

You are a hulking beast.
Your limbs bulge with bestial killing power. (Slay +3)
You cannot wear most types of armour.
You are amphibious.
You can wear up to eight rings at the same time.
Your skin changes colour to match your surroundings (Stealth+).
Your rubbery body absorbs attacks. (AC +1, EV +1)
((You are camouflaged when in or above water. (Stealth+)))
You have tentacles for arms and can constrict up to eight enemies at once.


Message History

No target in view!
No target in view!
You open the door.
There is an open door here.
A gnoll comes into view. It is wielding a +0 whip.
A gnoll is nearby! 2 gnolls come into view.
A gnoll comes into view. It is wielding a +0 halberd.
The gnoll barely misses you.
The gnoll shouts!
You bludgeon the gnoll! Your grab misses the gnoll.
The gnoll is severely wounded.
The gnoll shouts!
The gnoll completely misses you. The gnoll closely misses you.
The gnoll shouts!
You tentacle-slap the gnoll. Your grab misses the gnoll.
Your squeeze misses the gnoll.
The gnoll is almost dead.
The gnoll closely misses you. The gnoll barely misses you.
You tentacle-slap the gnoll.
You kill the gnoll!
The gnoll misses you.
You tentacle-slap the gnoll. You grab the gnoll.
The gnoll is moderately wounded.
You constrict the gnoll. The gnoll hits you with a +0 flail!
The gnoll hits you from afar with a +0 spear.
You are too injured to fight recklessly!
You are too injured to fight recklessly!
You are too injured to fight recklessly!
You are too injured to fight recklessly!
You are too injured to fight recklessly!
You are too injured to fight recklessly!
You tentacle-slap the gnoll.
The gnoll is severely wounded.
You constrict the gnoll. The gnoll hits you with a +0 flail!
The gnoll hits you from afar with a +0 spear.
You tentacle-slap the gnoll.
You kill the gnoll!
The gnoll hits you from afar with a +0 halberd!
You die...

#.....## #.##.#..#.#
†......###.........#
...)†...####....#
........'.......#
........####....#
.......## ##.#.#
#.....## ###.##
##...## #...# ##+##
#.#h# #..g# ###g#
#.# #.# #.# ..# ###


You could see 2 gnolls.

Vanquished Creatures
  Grinder (D:3)
  2 gnolls (D:3)
  An adder (D:2)
  4 worms
  3 dart slugs
  7 bats
  9 endoplasms
  3 giant cockroaches
  3 goblins (D:1)
  2 hobgoblins
  5 jackals
  4 quokkas
  4 ball pythons (D:1)
  2 frilled lizards (D:1)
  5 kobolds
  8 rats
63 creatures vanquished.

Notes
Turn   | Place    | Note
-------+----------+-------------------------------------------
     0 | D:1      | garrulousMonolith the Octopode Shapeshifter began the quest
                  | for the Orb.
     0 | D:1      | Reached XP level 1. HP: 13/13 MP: 1/1
    71 | D:1      | Found Leso's Magic Scroll Shop.
   209 | D:1      | Reached XP level 2. HP: 16/18 MP: 2/2
   288 | D:1      | Found Afualiho's Armour Boutique.
   395 | D:1      | Reached skill level 1 in Stealth
   499 | D:1      | Found Syfatoan's Magic Scroll Emporium.
   502 | D:1      | Bought a scroll of teleportation for 36 gold pieces
   539 | D:1      | Reached XP level 3. HP: 21/23 MP: 3/3
   737 | D:1      | Found Olluuq's Magic Scroll Shop.
   959 | D:2      | Reached XP level 4. HP: 29/29 MP: 4/4
  1896 | D:3      | Noticed Grinder
  1908 | D:3      | Killed Grinder
  1909 | D:3      | Reached skill level 4 in Shapeshifting
  1909 | D:3      | Reached XP level 5. HP: 15/35 MP: 5/5
  1909 | D:3      | Reached XP level 6. HP: 17/41 MP: 6/6
  2372 | D:3      | Slain by a gnoll

Illustrated notes

Levels and vault maps discovered:
D:1:      wander_arrival_estate, layout_basic, serial_shops,
          nicolae_shop_back_alley_shop, shop, nicolae_shop_real_fake_doors,
          shop, minmay_cut_off
D:2:      layout_loops_corners, minmay_pentomino_pile
D:3:      minmay_bubble_buster, layout_loops_corners, minivault_19,
          corner_web_ring, uniq_grinder

Skill      XL: |  1  2  3  4 |
---------------+-------------+-----
Stealth        | 1 3 |  3.2
Fighting       | 2 |  2.5
Dodging        | 3 |  3.1
Shapeshifting  | 4 |  4.3
Unarmed Combat | |  3.9

Action                     |  1- 3 |  4- 6 || total
---------------------------+-------+-------++-------
  Melee: Unarmed           |    80 |    45 ||   125
         Constrict         |    22 |    11 ||    33
         Tentacles         |    15 |     7 ||    22
         Punch             |       |     1 ||     1
    Use: Scroll            |       |     1 ||     1
   Stab: Sleeping          |    12 |     8 ||    20
 Armour: Skin              |    10 |     7 ||    17
  Dodge: Dodged            |    41 |    27 ||    68

Table legend: (Time is in decaauts)
 A = Elapsed time spent in this place.
 B = Non-inter-level travel time spent in this place.
 C = Inter-level travel time spent in this place.
 D = Time resting spent in this place.
 E = Time spent auto-exploring this place.
 F = Levels seen in this place.
 G = Mean time per level.
                   A        B        C        D        E       F      G
               +--------+--------+--------+--------+--------+-----+--------+
         Total |   2363 |   2271 |     92 |    224 |   1646 |   3 |  787.7 |
       Dungeon |   2363 |   2271 |     92 |    224 |   1646 |   3 |  787.7 |
               +--------+--------+--------+--------+--------+-----+--------+

Top non-repeatable levels by time:
     D:2: 991 daAuts
     D:1: 774 daAuts
     D:3: 597 daAuts
